 Dungeon Crawl Stone Soup version 0.21-a0-95-g06f091e (webtiles) character file.

571 grindst0ne the Skirmisher (level 7, -1/78 HPs)
             Began as an Ogre Hunter on July 4, 2017.
             Slain by a wraith (7 damage)
             ... in an ossuary.
             The game lasted 00:11:31 (4169 turns).

grindst0ne the Skirmisher (Ogre Hunter)             Turns: 4169, Time: 00:11:31

Health: -1/78      AC:  7    Str: 17    XL:     7   Next: 34%
Magic:  7/7        EV: 10    Int: 19    God:
Gold:   147        SH:  0    Dex:  9    Spells: 6/6 levels left

rFire    + . .     SeeInvis .   a - +0 short sword
rCold    + . .     Gourm    .   (no shield)
rNeg     . . .     Faith    .   o - +2 robe {rC+ rF+}
rPois    .         Spirit   .   (helmet restricted)
rElec    .         Reflect  .   p - +1 cloak
rCorr    .         Harm     .   (gloves unavailable)
MR       .....                  (boots unavailable)
Stlth    +.........             (no amulet)
HPRegen  0.23/turn              (no ring)
MPRegen  0.10/turn              (no ring)

@: brilliant, flying, very slightly contaminated, slowed, drained, invisible,
very slow
A: unfitting armour, tough skin 1
a: no special abilities


You were in an ossuary.
You were hungry.

You visited 1 branch of the dungeon, and saw 4 of its levels.
You also visited: Ossuary.

You collected 147 gold pieces.

Inventory:

Hand Weapons
 a - a +0 short sword (weapon)
 h - a +0 whip
Missiles
 g - 23 stones (quivered)
Armour
 b - a +0 robe
 o - a +2 robe of resistance (worn)
 p - a +1 cloak (worn)
Scrolls
 c - a scroll of identify
 d - a scroll of holy word {unknown}
 k - a scroll of remove curse
 n - 3 scrolls of immolation
Potions
 m - a potion of magic
Comestibles
 f - 3 bread rations
 i - a meat ration
 l - 2 royal jellies


   Skills:
 + Level 7.5(7.2) Fighting
 + Level 6.7(6.5) Throwing
 - Level 1.7(1.5) Dodging
 - Level 0.6(0.4) Stealth


You had 6 spell levels left.
You didn't know any spells.

Dungeon Overview and Level Annotations

Branches:
Dungeon (4/15)
 Temple: D:4-7

Altars:
Elyvilon
Fedhas
Trog
Yredelemnul
Zin


Innate Abilities, Weirdness & Mutations

You are too large for most types of armour.
You have tough skin. (AC +1)


Message History

You feel as though you will be slow longer.
Throwing (i - inventory):
g - 24 stones (quivered)
Press: ? - help, Shift-Dir - straight line, f/p - wraith
Aim: a wraith (heavily damaged)
You throw a stone. The stone closely misses the wraith.
The wraith hits you.
* * * LOW HITPOINT WARNING * * *
You fade into invisibility!
The wraith barely misses you. The wraith hits you!
* * * LOW HITPOINT WARNING * * *
The wraith drains your vigour!
You feel as though you will be slow longer.
You are very lightly contaminated with residual magic.
It was a potion of brilliance.
You feel clever all of a sudden. The wraith barely misses you.
It was a potion of flight.
You feel very buoyant.
You fly up into the air.
The wraith hits you but does no damage. The wraith hits you!
You die...

#########******
#@.......,,,,,*
#.W##.###,**+,*
#.#(#.#,*,*,*,*
#.###.###,***,*
#.........,,,,*
#.........,,,,*
#.###.???.***,*
#.#z#.??!.*,*,*
#.###.!??.***,*


You could see a wraith and a flying skull.

Vanquished Creatures
  A centaur (D:4)
  A scorpion (D:4)
  A wight (Ossuary)
  A hound (D:4)
  A centaur skeleton (D:4)
  Crazy Yiuf (D:2)
  2 orc wizards (D:4)
  Natasha (thrice) (D:3)
  Robin (D:2)
  4 adders
  2 oozes (D:1)
  2 adder zombies (Ossuary)
  2 worms (D:2)
  4 dart slugs
  2 leopard geckos
  10 orcs
  A ball python (D:2)
  9 giant cockroaches
  14 goblins
  12 hobgoblins
  5 kobolds
  2 quokkas
  A ball python skeleton (Ossuary)
  7 bats
  A frilled lizard (D:4)
  A hobgoblin zombie (Ossuary)
  2 kobold zombies (Ossuary)
  An orc skeleton (Ossuary)
  5 rats
99 creatures vanquished.

Notes
Turn   | Place    | Note
-------+----------+-------------------------------------------
     0 | D:1      | grindst0ne the Ogre Hunter began the quest for the Orb.
     0 | D:1      | Reached XP level 1. HP: 22/22 MP: 1/1
    45 | D:1      | Reached skill level 3 in Fighting
    45 | D:1      | Reached XP level 2. HP: 22/31 MP: 2/2
   491 | D:1      | Reached XP level 3. HP: 35/39 MP: 3/3
   914 | D:1      | Reached skill level 4 in Fighting
  1231 | D:2      | Noticed Robin
  1681 | D:2      | Killed Robin
  1681 | D:2      | Reached XP level 4. HP: 33/49 MP: 4/4
  2254 | D:2      | Found a bloodstained altar of Trog.
  2412 | D:2      | Found a runed door.
  2416 | D:2      | Noticed Crazy Yiuf
  2421 | D:2      | Killed Crazy Yiuf
  2421 | D:2      | Reached skill level 5 in Fighting
  2421 | D:2      | Reached skill level 5 in Throwing
  2421 | D:2      | Reached XP level 5. HP: 52/57 MP: 5/5
  2592 | D:3      | Noticed Natasha
  2594 | D:3      | Killed Natasha
  2684 | D:3      | Noticed Natasha
  2701 | D:3      | Killed Natasha
  2747 | D:3      | Noticed Natasha
  2763 | D:3      | Killed Natasha
  2975 | D:3      | Found a glowing silver altar of Zin.
  2976 | D:3      | Found a basalt altar of Yredelemnul.
  3040 | D:3      | Reached skill level 6 in Fighting
  3061 | D:3      | Found a white marble altar of Elyvilon.
  3130 | D:3      | Reached XP level 6. HP: 19/67 MP: 6/6
  3340 | D:3      | Found a blossoming altar of Fedhas.
  3690 | D:4      | Reached skill level 7 in Fighting
  3690 | D:4      | Reached XP level 7. HP: 15/78 MP: 7/7
  3763 | D:4      | Found a sand-covered staircase.
  3852 | Ossuary  | Entered an ossuary
  4113 | Ossuary  | Noticed a flying skull
  4113 | Ossuary  | Noticed a wraith
  4153 | Ossuary  | Noticed a flying skull
  4160 | Ossuary  | Noticed a wraith
  4169 | Ossuary  | Slain by a wraith

Vault maps used:
D:1:      erik_arrival_gehennom
D:2:      lemuel_round_altar, lemuel_round_altar, uniq_robin,
          uniq_crazy_yiuf_cottage
D:3:      elyvilon_altar_5, gammafunk_temple_overflow_statue, first_bread,
          fedhas_altar_2, uniq_natasha
D:4:      kennysheep_mini_moat, enter_ossuary_1, serial_glass, glass_columns_a,
          glass_columns_b, glass_columns_a, glass_columns_a, glass_columns_b,
          glass_columns_a, glass_columns_c, glass_columns_b
Ossuary:  ossuary_due_cavern

Skill      XL: |  1  2  3  4  5  6 |
---------------+-------------------+-----
Fighting       | 3 4 5 6 7 |  7.5
Throwing       | 5 6 |  6.7
Dodging        | |  1.7
Stealth        | |  0.6

Action                   |  1- 3 |  4- 6 |  7- 9 || total
-------------------------+-------+-------+-------++-------
Melee: Short sword       |   167 |   162 |    46 ||   375
Throw: Large rock        |     4 |    58 |     8 ||    70
       Throwing net      |       |     2 |       ||     2
       Stone             |       |     3 |     1 ||     4
  Use: Scroll            |       |     4 |     3 ||     7
       Potion            |       |     5 |     3 ||     8
 Stab: Sleeping          |     2 |       |       ||     2
  Eat: Chunk             |     3 |     5 |     2 ||    10
Armor: Robe              |    65 |    58 |    18 ||   141
Dodge: Dodged            |   123 |   109 |    26 ||   258
